cohdb
Replays
Latest Replays
All Replays
Popular Replays
Top Player Replays
Match Explorer
How It Works
Community
CoH3 Stats
Reddit
Sign in to upload your games and track your stats! →
Sign in with Steam
Match 41505381
Unlisted
Match 41505381
Overview
Messages
Build Orders
End
Kradschützen Motorcycle Team
Selects Italian Combined Arms Battlegroup
Selects Bersaglieri Squad
Bersaglieri Squad
Bersaglieri Squad
Construct Light Support Kompanie
Selects Bersaglieri Bolster
Bersaglieri Squad
2.5-tonne Medical Truck
Fire Support Elements
Veteran Squad Leaders
Vehicle Survival Package
Selects Breda Model 30 Light Machine Guns
Tungsten Core Ammunition
Panzerjäger Mechanized Group
Construct Panzerarmee Kommand
Selects Semovente da 75/18 Assault Gun
Panzer III L Medium Tank
Emergency Repair Kits
Selects Strafing Run
Rapid Advance
Panzerjäger Mechanized Group
Selects Artillery Cover
Panzer III L Medium Tank
Panzer III L Medium Tank
Artillery Cover
Panzer III L Medium Tank
Artillery Cover
Panzer III L Medium Tank
Advanced Optics
Panzer III L Medium Tank
Artillery Cover
Panzer III L Medium Tank
AshCo Dismas
SenkZ
0
0
Comments
sign in to comment!
No comments posted yet!